 Dungeon Crawl Stone Soup version 0.25-a0-420-g1cc7eeb0d1 (webtiles) character file.

Game seed: 12042762530453391614, levelgen mode: deterministic

499 LSt the Cutter (level 7, 0/53 HPs)
             Began as a Human Wanderer on Jan 19, 2020.
             Was an Initiate of Ashenzari.
             Slain by a centaur zombie (6 damage)
             ... in an ossuary.
             The game lasted 00:36:57 (4045 turns).

LSt the Cutter (Human Wanderer)                     Turns: 4045, Time: 00:36:58

Health: 0/53       AC:  5    Str: 11    XL:     7   Next: 39%
Magic:  7/7        EV: 13    Int:  9    God:    Ashenzari [......]
Gold:   178        SH:  0    Dex: 19    Spells: 6/6 levels left

rFire    . . .     SeeInvis .   w - +2 dagger (venom) (curse)
rCold    . . .     Gourm    .   (no shield)
rNeg     . . .     Faith    .   B - +1 leather armour
rPois    .         Spirit   .   (no helmet)
rElec    .         Reflect  .   (no cloak)
rCorr    .         Harm     .   H - +0 pair of gloves (curse)
MR       +....                  (no boots)
Stlth    +++.......             N - amulet of rage
HPRegen  0.17/turn              q - ring of protection from magic (curse)
MPRegen  0.10/turn              (no ring)

@: marked, hasted, very quick
A: no striking features
a: Curse Item, Renounce Religion, Evoke Berserk Rage


You were in an ossuary.
You worshipped Ashenzari.
Ashenzari was noncommittal.
You were not hungry.

You visited 1 branch of the dungeon, and saw 5 of its levels.
You also visited: Ossuary.

You collected 178 gold pieces.

Inventory:

Hand Weapons
 a - a +2 dagger
 w - a cursed +2 dagger of venom (weapon)
 D - a cursed -2 hunting sling
 O - a +1 war axe of draining
Missiles
 d - 25 poisoned darts (quivered)
 h - 2 throwing nets
 j - 31 sling bullets
 o - 7 curare-tipped darts
 v - 98 stones
 y - 85 arrows
 C - 37 bolts
 G - 8 boomerangs
 I - 2 javelins
Armour
 f - a +0 robe
 l - a +0 scale mail
 u - a +0 scale mail
 B - a +1 leather armour (worn)
 H - a cursed +0 pair of gloves (worn)
Jewellery
 n - a cursed ring of attention
 q - a cursed ring of protection from magic (left hand)
 L - an uncursed ring of ice
 M - a +5 ring of intelligence
 N - an amulet of rage (around neck)
Scrolls
 k - a scroll of immolation {unknown}
 m - a scroll of blinking {unknown}
 p - a scroll of fog {unknown}
 z - 2 scrolls of amnesia
 E - a scroll of enchant armour
 J - 2 scrolls of magic mapping
 K - a scroll of remove curse
Potions
 b - 3 potions of haste
 c - 2 potions of curing
 e - a potion of mutation {unknown}
 F - a potion of brilliance
Comestibles
 g - 3 rations
 r - a chunk of flesh


   Skills:
 + Level 3.9 Fighting
 + Level 4.0 Short Blades
   Level 1.0 Staves
 + Level 3.7 Throwing
 + Level 3.0 Dodging
 + Level 3.8 Stealth


You had 6 spell levels left.
You didn't know any spells.
Your spell library was empty.

Dungeon Overview and Level Annotations

Branches:
Dungeon (5/15)            Ossuary (1/1)
 Temple: D:4-7

Altars:
Ashenzari
Cheibriados
Hepliaklqana
Wu Jian


Message History

You hit the centaur zombie.
The centaur zombie is severely damaged.
Your surroundings suddenly seem different.
Found four items.
Found a gate leading back out of this place.
c - 2 potions of curing
e - a fuming sapphire potion
b - 2 potions of haste (gained 1)
You see here a potion of haste.
b - 3 potions of haste (gained 1)
The mummy is too close now for your liking.
The centaur zombie enters a dispersal trap!
The centaur zombie blinks!
The mummy blinks! x2; The centaur zombie blinks! x2
The hobgoblin zombie blinks!
You blink.
The centaur zombie blinks!
The mummy misses you.
The hobgoblin zombie closely misses you.
The centaur zombie hits you.
* * * LOW HITPOINT WARNING * * *
The centaur zombie hits you.
You die...

## ##∩##
##...##
##.....##
#!......#
#!......#
#!...§..#
#?......#
##@^^§.##
##Z.Z..##
#..ZZ...#
##M...§##
#..^.§§.#
##..§.^##
#.§..^..
##Z..^Z##
#...M..M


You could see a mummy, 2 hobgoblin zombies, a big kobold zombie and 3 centaur
zombies.

Vanquished Creatures
  An orc warrior (D:4)
  A howler monkey (D:4)
  An orc priest (D:4)
  An orc wizard (D:4)
  3 hounds (D:4)
  2 worker ants (D:4)
  A mummy (Ossuary)
  3 gnolls (D:2)
  6 adders
  An ooze (D:4)
  4 worms
  A dart slug (D:1)
  2 leopard geckos
  7 orcs
  A ball python (D:4)
  7 bats
  A giant cockroach (D:2)
  6 goblins
  7 hobgoblins
  7 jackals (D:1)
  4 kobolds
  A quokka (D:2)
  2 frilled lizards
  A hobgoblin zombie (Ossuary)
  A quokka skeleton (D:4)
  5 rats
77 creatures vanquished.

Notes
Turn   | Place    | Note
-------+----------+-------------------------------------------
     0 | D:1      | LSt the Human Wanderer began the quest for the Orb.
     0 | D:1      | LSt set off with the following items: a +2 dagger, a potion
                  | of haste, a +0 falchion, 9 poisoned darts, a +0 dagger, a
                  | +0 robe, a ration
     0 | D:1      | Reached XP level 1. HP: 16/16 MP: 1/1
   221 | D:1      | Reached XP level 2. HP: 18/23 MP: 2/2
   601 | D:1      | Reached XP level 3. HP: 26/29 MP: 3/3
   815 | D:2      | Found a shattered altar of Ashenzari.
   908 | D:2      | Became a worshipper of Ashenzari the Shackled
   999 | D:2      | Reached XP level 4. HP: 23/35 MP: 4/4
  1383 | D:2      | Reached skill level 2 in Short Blades
  1457 | D:2      | Reached XP level 5. HP: 32/41 MP: 5/5
  1940 | D:3      | Found an ornate altar of the Wu Jian Council.
  2471 | D:4      | Noticed an orc warrior
  2570 | D:4      | Reached skill level 3 in Short Blades
  2657 | D:4      | Reached XP level 6. HP: 47/47 MP: 6/6
  3513 | D:4      | Reached XP level 7. HP: 41/53 MP: 7/7
  3638 | D:4      | Found a hazy altar of Hepliaklqana.
  3734 | D:4      | Found a snail-covered altar of Cheibriados.
  3818 | D:4      | Reached skill level 4 in Short Blades
  3875 | D:5      | Entered Level 5 of the Dungeon
  3947 | D:5      | Found a sand-covered staircase.
  3956 | Ossuary  | Entered an ossuary
  4045 | Ossuary  | Slain by a centaur zombie

Levels and vault maps discovered:
D:1:      co_arrival_random_square_maze, layout_rooms
D:2:      layout_rooms, overflow_temple_1_default, serial_park_tiny_1
D:3:      layout_loops_cross, lemuel_doored_altar, hangedman_decor_points
D:4:      minmay_wonky_spiral, layout_loops_cross, cheibriados_altar_1,
          nicolae_overflow_hidden_temple, first_ration
D:5:      layout_loops_ring, enter_ossuary_2
Ossuary:  ossuary_the_hunt_dpeg

Skill      XL: |  1  2  3  4  5  6  7 |
---------------+----------------------+-----
Fighting       | 3 |  3.9
Throwing       | 2 3 |  3.7
Short Blades   | 2 3 4 |  4.0
Dodging        | 3 |  3.0
Staves         | |  1.0
Stealth        | |  3.8

Action                   |  1- 3 |  4- 6 |  7- 9 || total
-------------------------+-------+-------+-------++-------
Melee: Dagger            |    40 |   149 |    48 ||   237
       Falchion          |    29 |       |       ||    29
Throw: Dart              |     8 |    18 |       ||    26
       Stone             |       |    31 |       ||    31
Invok: Curse Item        |       |     3 |       ||     3
  Use: Scroll            |       |     6 |     2 ||     8
       Potion            |       |       |     6 ||     6
 Stab: Sleeping          |     3 |     6 |     3 ||    12
  Eat: Chunk             |       |     8 |     2 ||    10
Armor: Robe              |     8 |     3 |       ||    11
       Leather armour    |       |    14 |    17 ||    31
Dodge: Dodged            |    43 |    56 |    57 ||   156
       Rpst.: Falchion   |     6 |       |       ||     6

Table legend:
 A = Non-vault XP
 B = Vault XP
 C = Vault XP percentage of total XP
 D = Non-vault monster count
 E = Vault monster count
 F = Vault count percentage of total count
                 A         B        C        D         E       F
            +---------+---------+-------+---------+---------+-------
      Total |     616 |      98 |  13.7 |      72 |       5 |   6.5
            +---------+---------+-------+---------+---------+-------
        D:1 |      35 |       0 |   0.0 |      17 |       0 |   0.0
        D:2 |     107 |       0 |   0.0 |      25 |       0 |   0.0
        D:3 |      40 |       0 |   0.0 |      13 |       0 |   0.0
        D:4 |     431 |      79 |  15.5 |      16 |       3 |  15.8
        D:5 |       3 |       0 |   0.0 |       1 |       0 |   0.0
    Ossuary |       0 |      19 | 100.0 |       0 |       2 | 100.0
            +---------+---------+-------+---------+---------+-------
